 Dungeon Crawl Stone Soup version 0.30-a0-585-g93115170b9 (webtiles) character file.

Game seed: 18289092025384690204

70 Crownlay the Sneak (level 4, -7/34 HPs)
             Began as a Gnoll Wanderer on Jan 2, 2023.
             Mangled by a gnoll
             ... wielding a +0 spear
              (9 damage)
             ... on level 3 of the Dungeon.
             The game lasted 00:04:02 (2148 turns).

Crownlay the Sneak (Gnoll Wanderer)                 Turns: 2148, Time: 00:04:03

Health: -7/34      AC:  4    Str: 12    XL:     4   Next: 21%
Magic:  1/8        EV: 12    Int: 14    God:
Gold:   95         SH:  4    Dex: 13    Spells: 8/9 levels left

rFire   . . .      SeeInvis .    j - +1 short sword (venom)
rCold   . . .      Faith    .    d - +0 buckler
rNeg    . . .      Spirit   .    c - +0 robe
rPois   .          Reflect  .    (no helmet)
rElec   .          Harm     .    (no cloak)
rCorr   .          Rampage  .    a - +1 pair of gloves {Str+3}
Will    .....                    (no boots)
Stlth   +++                      (no amulet)
HPRegen 0.25/turn                (no ring)
MPRegen 0.11/turn                (no ring)

@: no status effects
A: fangs 1, strong nose, distributed training
a: no special abilities


You were on level 3 of the Dungeon.
You visited 1 branch of the dungeon, and saw 3 of its levels.

You collected 95 gold pieces.

Inventory:

Hand Weapons
 j - a +1 short sword of venom (weapon)
Armour
 a - a +1 pair of gloves of strength (worn)
 c - a +0 robe (worn)
 d - a +0 buckler (worn)
Jewellery
 k - a ring of ice
Scrolls
 b - a scroll of butterflies
 f - 2 scrolls of identify {unknown}


   Skills:
 + Level 2.7 Fighting
 + Level 1.1 Short Blades
 + Level 1.1 Long Blades
 + Level 1.1 Axes
 + Level 1.1 Maces & Flails
 + Level 1.1 Polearms
 + Level 1.1 Staves
 + Level 1.1 Ranged Weapons
 + Level 1.1 Throwing
 + Level 1.1 Armour
 + Level 2.7 Dodging
 + Level 4.2 Stealth
 + Level 2.7 Shields
 + Level 1.1 Unarmed Combat
 + Level 3.0 Spellcasting
 + Level 0.8 Conjurations
 + Level 3.8 Hexes
 + Level 0.8 Summonings
 + Level 3.8 Necromancy
 + Level 0.8 Translocations
 + Level 0.8 Transmutations
 + Level 0.8 Fire Magic
 + Level 0.8 Ice Magic
 + Level 0.8 Air Magic
 + Level 0.8 Earth Magic
 + Level 0.8 Poison Magic
 + Level 1.2 Invocations
 + Level 1.1 Evocations


You had 8 spell levels left.
You knew the following spells:

 Your Spells              Type           Power      Damage    Failure   Level
a - Necrotise             Necr           48%        1d6       6%          1

Your spell library contained the following spells:

 Spells                   Type           Power      Damage    Failure   Level
 Slow                     Hex            48%        N/A       6%          1
 Vampiric Draining        Necr           12%        2d6       17%         3
 Anguish                  Hex/Necr       6%         N/A       50%         4
 Cause Fear               Hex            6%         N/A       50%         4


Dungeon Overview and Level Annotations

Branches:
Dungeon (3/15)

Altars:
Xom

Shops:
D:1 [


Innate Abilities, Weirdness & Mutations

You have very sharp teeth.
Your uncanny sense of smell can sniff out nearby items.
Your experience applies equally to all skills.


Message History

Your rat skeleton bites the gnoll.
The gnoll hits your kobold skeleton with a +0 spear.
Your kobold skeleton hits the gnoll.
Casting: Necrotise (safe; 6% risk of failure)
Confirm with . or Enter, or press ? or * to list all spells.
Aiming: Necrotise (safe; 6% risk of failure)
Press: ? - help, Shift-Dir - straight line, f - gnoll
Aim: a gnoll, wielding a +0 spear (chance to affect: 75%)
You miscast Necrotise.
You are very lightly contaminated with residual magic.
Nothing appears to happen.
The gnoll closely misses you.
The gnoll hits your kobold skeleton with a +0 spear!
Your kobold skeleton is destroyed!
Your rat skeleton bites the gnoll but does no damage.
Your gnoll skeleton hits the gnoll.
It was a potion of brilliance.
You feel clever all of a sudden. The gnoll closely misses you.
Your rat skeleton bites the gnoll but does no damage.
It was a potion of curing.
You feel better. The gnoll barely misses you.
The gnoll hits you from afar with a +0 spear.
* * * LOW HITPOINT WARNING * * *
Your rat skeleton bites the gnoll.
Your gnoll skeleton hits the gnoll but does no damage.
It was a potion of flight.
You feel very buoyant.
You fly up into the air.
The gnoll hits you from afar with a +0 spear.
* * * LOW HITPOINT WARNING * * *
You block the gnoll's attack.
Your rat skeleton bites the gnoll but does no damage.
It was a potion of cancellation.
Your magical effects are unravelling.
You feel magically purged.
Your magical contamination has completely faded away.
You float gracefully downwards.
You feel a little less clever now.
Your rat skeleton crumbles into dust!
The gnoll hits you from afar with a +0 spear!
You die...

#.#.#.#.#.#.#.##.......#
.#.#.#.#.#.#.###.......+
#.#.#.#.#.#.#.##.......#
.#.#.#.#.#.#.###.......#
#.#.#.#.#K#.#)##)......#
.#.#.#.#.#.#.#.'.Z.....#
#.#.#.#.#.#.#.##gg(....#
.#.#.#.#.#.#.###.......#
#.#.#.#.#.#.#.##@......#
.#.#.#B#.#.#.###########
#.#.#.#.#.#.#.#
.#.#.#.#.#.#.##
#.#.#.#.#.#.#.#
?#.#(#$#.#.#.##
#.#.#.#)#.#.#.#
+#.#.#.#.#.#.##
...............


You could see 2 gnolls and a friendly gnoll skeleton.

Vanquished Creatures
  A gnoll (D:3)
  An adder (D:2)
  2 worms (D:2)
  2 bats
  3 endoplasms
  5 giant cockroaches
  3 goblins
  A hobgoblin (D:1)
  6 jackals
  A quokka (D:1)
  2 ball pythons
  3 frilled lizards
  4 kobolds
  5 rats
39 creatures vanquished.

Vanquished Creatures (collateral kills)
  An endoplasm (D:1)
  A jackal (D:3)
2 creatures vanquished.

Grand Total: 41 creatures vanquished

Notes
Turn   | Place    | Note
-------+----------+-------------------------------------------
     0 | D:1      | Crownlay the Gnoll Wanderer began the quest for the Orb.
     0 | D:1      | Crownlay set off with the following items: a +0 dagger, a
                  | scroll of butterflies, a +0 robe, a +0 buckler; and the
                  | following spells available to memorise: Necrotise, Slow,
                  | Vampiric Draining, Anguish, Cause Fear.
     0 | D:1      | Reached XP level 1. HP: 17/17 MP: 4/4
     2 | D:1      | Learned a level 1 spell: Necrotise
   305 | D:1      | Reached XP level 2. HP: 23/23 MP: 1/5
   715 | D:1      | Found Husutwum's Antique Armour Boutique.
  1030 | D:2      | Reached XP level 3. HP: 28/28 MP: 0/7
  1168 | D:2      | Reached skill level 1 in Invocations
  1328 | D:2      | Found a shimmering altar of Xom.
  1663 | D:2      | Reached skill level 1 in Short Blades
  1663 | D:2      | Reached skill level 1 in Long Blades
  1663 | D:2      | Reached skill level 1 in Axes
  1663 | D:2      | Reached skill level 1 in Maces & Flails
  1663 | D:2      | Reached skill level 1 in Polearms
  1663 | D:2      | Reached skill level 1 in Staves
  1663 | D:2      | Reached skill level 1 in Ranged Weapons
  1663 | D:2      | Reached skill level 1 in Throwing
  1663 | D:2      | Reached skill level 1 in Armour
  1663 | D:2      | Reached skill level 1 in Unarmed Combat
  1663 | D:2      | Reached skill level 1 in Evocations
  1865 | D:2      | Found a faded altar of an unknown god.
  2055 | D:3      | Reached XP level 4. HP: 34/34 MP: 2/8
  2148 | D:3      | Mangled by a gnoll

Illustrated notes

Levels and vault maps discovered:
D:1:      minmay_arrival_wavy_path, layout_basic, serial_shops,
          nicolae_shop_temple_entry_statues_fountains, minmay_misc_feat_tower
D:2:      layout_rooms, basic_altar, ebering_ecumenical_altar_ruins
D:3:      layout_basic, gup_sewer_entry_bowl

Skill      XL: |  1  2  3  4 |
---------------+-------------+-----
Invocations    | 1 |  1.2
Short Blades   | 1 |  1.1
Long Blades    | 1 |  1.1
Axes           | 1 |  1.1
Maces & Flails | 1 |  1.1
Polearms       | 1 |  1.1
Staves         | 1 |  1.1
Ranged Weapons | 1 |  1.1
Throwing       | 1 |  1.1
Armour         | 1 |  1.1
Unarmed Combat | 1 |  1.1
Evocations     | 1 |  1.1
Spellcasting   | 3 |  3.0
Fighting       | |  2.7
Dodging        | |  2.7
Stealth        | |  4.2
Shields        | |  2.7
Conjurations   | |  0.8
Hexes          | |  3.8
Summonings     | |  0.8
Necromancy     | |  3.8
Translocations | |  0.8
Transmutations | |  0.8
Fire Magic     | |  0.8
Ice Magic      | |  0.8
Air Magic      | |  0.8
Earth Magic    | |  0.8
Poison Magic   | |  0.8

Action                   |  1- 3 |  4- 6 || total
-------------------------+-------+-------++-------
Melee: Dagger            |    36 |       ||    36
       Bite              |     3 |       ||     3
       Short sword       |     6 |       ||     6
 Cast: Necrotise         |    88 |     8 ||    96
  Use: Potion            |       |     4 ||     4
Armor: Robe              |     9 |     1 ||    10
Dodge: Dodged            |    26 |    12 ||    38
Block: Buckler           |    16 |     4 ||    20

Table legend: (Time is in decaauts)
 A = Elapsed time spent in this place.
 B = Non-inter-level travel time spent in this place.
 C = Inter-level travel time spent in this place.
 D = Time resting spent in this place.
 E = Time spent auto-exploring this place.
 F = Levels seen in this place.
 G = Mean time per level.
                   A        B        C        D        E       F      G
               +--------+--------+--------+--------+--------+-----+--------+
         Total |   2147 |   2091 |     56 |      0 |   1695 |   3 |  715.7 |
       Dungeon |   2147 |   2091 |     56 |      0 |   1695 |   3 |  715.7 |
               +--------+--------+--------+--------+--------+-----+--------+

Top non-repeatable levels by time:
     D:1: 992 daAuts
     D:2: 981 daAuts
     D:3: 173 daAuts
